 Dungeon Crawl Stone Soup version 0.21.1-1-g345015f (webtiles) character file.

312 chunkynut the Skirmisher (level 6, -1/48 HPs)
             Began as a Demonspawn Abyssal Knight on Mar 17, 2018.
             Was a Priest of Lugonu.
             Slain by a gnoll shaman
             ... wielding a cursed -2 whip
              (2 damage)
             ... on level 3 of the Dungeon.
             The game lasted 00:21:18 (2968 turns).

chunkynut the Skirmisher (DsAK)                     Turns: 2968, Time: 00:21:18

Health: -1/48      AC:  9    Str: 14    XL:     6   Next: 18%
Magic:  8/8        EV:  9    Int: 13    God:    Lugonu [***...]
Gold:   116        SH:  5    Dex: 13    Spells: 5/5 levels left

rFire    . . .     SeeInvis .   a - +1 spear
rCold    . . .     Gourm    .   m - +1 buckler
rNeg     . . .     Faith    .   j - +1 scale mail
rPois    .         Spirit   .   (no helmet)
rElec    .         Reflect  .   (no cloak)
rCorr    .         Harm     .   (no gloves)
MR       +....     Rnd*Tele +   (no boots)
Stlth    ..........             (no amulet)
HPRegen  0.16/turn              i - ring of teleportation
MPRegen  0.11/turn              q - ring of protection from magic

@: flying
A: claws 1, icy blue scales 1, powered by death 1, rot immunity
a: Depart the Abyss, Bend Space, Banish, Renounce Religion


You were on level 3 of the Dungeon.
You worshipped Lugonu.
Lugonu was most pleased with you.
You were not hungry.

You visited 1 branch of the dungeon, and saw 3 of its levels.
You visited the Abyss 1 time.

You collected 116 gold pieces.

Inventory:

Hand Weapons
 a - a +1 spear (weapon)
 f - a +0 whip of electrocution
 n - a +2 vampiric falchion
Missiles
 k - 11 poisoned needles
 l - 12 arrows
Armour
 b - a +0 leather armour
 g - a +0 ring mail
 j - a +1 scale mail (worn)
 m - a +1 buckler (worn)
 o - a +0 buckler of protection
Jewellery
 i - a ring of teleportation (left claw)
 q - a ring of protection from magic (right claw)
Scrolls
 p - a scroll of remove curse
Potions
 d - a potion of degeneration
 e - 2 potions of haste
Comestibles
 c - 4 rations


   Skills:
 + Level 4.3 Fighting
 + Level 3.4 Polearms
 + Level 3.1 Armour
 + Level 2.1 Dodging
 + Level 0.1 Stealth
 + Level 1.1 Shields
 + Level 3.0 Invocations


You had 5 spell levels left.
You didn't know any spells.

Dungeon Overview and Level Annotations

Branches:
Dungeon (3/15)

Altars:
Cheibriados
Makhleb


Innate Abilities, Weirdness & Mutations

You have sharp fingernails.
You are partially covered in icy blue scales. (AC +2)
You regenerate a little health from kills.
You are immune to rotting.


Message History

The gnoll shaman is moderately wounded.
The gnoll shaman hits you with a whip!
* * * LOW HITPOINT WARNING * * *
You hit the gnoll shaman but do no damage.
The gnoll shaman is moderately wounded.
The gnoll shaman closely misses you.
Your shield and scale mail prevent you from hitting the gnoll shaman.
The gnoll shaman is moderately wounded.
The gnoll shaman hits you but does no damage.
You closely miss the gnoll shaman.
The gnoll shaman is moderately wounded.
The gnoll shaman hits you with a whip!
* * * LOW HITPOINT WARNING * * *
It was a potion of flight.
You feel very buoyant.
You fly up into the air.
You block the gnoll shaman's attack.
You barely miss the gnoll shaman.
The gnoll shaman is moderately wounded.
The gnoll shaman hits you with a whip.
You die...

#####..########.## ###
#.........# #.# ..#
#.###..##.#####.# #.# #.#
#.<##.##....# #.# #.#
#...#.##.#### #$# #.#
#...#.##.# #.#
#.###...#.##.# ######(####
#.......#.##.# #.......(...
#..###..#.##@# $.......####
#..# #..#.##g# ..#######
#..# #..#.##g# ..#
#.)###..#.##g## ..#
#)).......#ggg###..#
######).###.)).ggg.....#####
.P..........................
≈≈≈≈≈≈≈≈≈≈≈≈≈≈≈≈≈≈≈.g..≈≈≈≈≈
≈≈≈≈≈≈≈≈≈≈≈≈≈≈≈≈≈≈≈....≈≈≈≈≈


You could see a gnoll sergeant, a gnoll shaman and 7 gnolls.

Vanquished Creatures
  A scorpion (D:3)
  2 orc priests (D:3)
  2 orc wizards (D:3)
  3 adders
  3 gnolls (D:3)
  An ooze (D:2)
  A worm (D:2)
  A dart slug (D:1)
  2 leopard geckos
  7 orcs (D:3)
  6 bats
  A giant cockroach (D:2)
  5 goblins
  7 hobgoblins
  17 jackals
  6 quokkas
  2 frilled lizards
  3 kobolds
  5 rats
75 creatures vanquished.

Notes
Turn   | Place    | Note
-------+----------+-------------------------------------------
     0 | Abyss:1  | chunkynut the Demonspawn Abyssal Knight began the quest for the Orb.
     0 | Abyss:1  | Reached XP level 1. HP: 18/18 MP: 2/2
     0 | Abyss:1  | Found a corrupted altar of Lugonu.
    38 | Abyss:1  | Found a corrupted altar of Lugonu.
    40 | Abyss:1  | Found a corrupted altar of Lugonu.
    73 | D:1      | Escaped the Abyss
   357 | D:1      | Gained mutation: You have sharp fingernails. [demonic ancestry]
   357 | D:1      | Reached XP level 2. HP: 9/24 MP: 3/3
   373 | D:1      | Reached skill level 1 in Dodging
  1356 | D:2      | Found a burning altar of Makhleb.
  1356 | D:2      | Noticed a cacodemon
  1366 | D:2      | Gained mutation: You are partially covered in icy blue scales. (AC +2) [demonic ancestry]
  1366 | D:2      | Reached XP level 3. HP: 27/29 MP: 5/5
  1393 | D:2      | Reached ** piety under Lugonu
  1722 | D:2      | Noticed an orange demon
  1722 | D:2      | Noticed a hellwing
  1751 | D:2      | Found a snail-covered altar of Cheibriados.
  2077 | D:3      | Gained mutation: You regenerate a little health from kills. [demonic ancestry]
  2077 | D:3      | Reached XP level 4. HP: 29/36 MP: 6/6
  2379 | D:3      | Reached XP level 5. HP: 10/42 MP: 7/7
  2478 | D:3      | Reached *** piety under Lugonu
  2793 | D:3      | Reached skill level 4 in Fighting
  2793 | D:3      | Gained mutation: You are immune to rotting. [demonic ancestry]
  2793 | D:3      | Reached XP level 6. HP: 14/48 MP: 8/8
  2890 | D:3      | Reached skill level 1 in Shields
  2966 | D:3      | HP: 1/48 [gnoll shaman/whip (8)]
  2968 | D:3      | Slain by a gnoll shaman

Skill      XL: |  1  2  3  4  5  6 |
---------------+-------------------+-----
Armour         | 2 3 |  3.1
Dodging        | 1 2 |  2.1
Polearms       | 2 3 |  3.4
Invocations    | 3 |  3.0
Fighting       | 4 |  4.3
Shields        | 1 |  1.1
Stealth        | |  0.1

Action                   |  1- 3 |  4- 6 || total
-------------------------+-------+-------++-------
Melee: Spear             |   159 |   247 ||   406
Invok: Bend Space        |       |     3 ||     3
  Use: Scroll            |     7 |     2 ||     9
       Potion            |       |     1 ||     1
  Eat: Ration            |     1 |     1 ||     2
Armor: Leather armour    |     3 |       ||     3
       Ring mail         |    56 |       ||    56
       Scale mail        |     8 |   147 ||   155
Dodge: Dodged            |    91 |   135 ||   226
Block: Buckler           |     2 |    66 ||    68
